Los Angeles Kings vs Vancouver Canucks
Created - Saturday, March 23, 2024 at 07:51
Goals
|
| Los Angeles Kings |
3 |
1 |
0 |
4 |
| Vancouver Canucks |
0 |
2 |
0 |
2 |
|
Shots
|
| Los Angeles Kings |
14 |
6 |
7 |
27 |
| Vancouver Canucks |
8 |
15 |
9 |
32 |
|
1st period
1. Los Angeles Kings , Cole Perfetti 10 (K'Andre Miller 13) at 0:39
2. Los Angeles Kings , Andrei Svechnikov 9 (Andrei Kuzmenko 12) at 3:57
3. Los Angeles Kings , Trent Frederic 9 (Peyton Krebs 10, Alexander Radulov 13) at 8:09
Penalties :
Jesperi Kotkaniemi (VAN) for Hooking (Minor) at 13:15
2nd period
4. Vancouver Canucks , Aleksander Barkov 9 (Noah Hanifin 7) at 5:59
5. Los Angeles Kings , Noah Dobson 7 (Cole Perfetti 13) at 6:30
6. Vancouver Canucks , Kasperi Kapanen 8 (Artturi Lehkonen 15, Casey Mittelstadt 11) at 13:51 (PP)
Penalties :
Joshua Brown (LAK) for Hooking (Minor) at 7:30, Joshua Brown (LAK) for Elbowing (Minor) at 13:40, Mikko Rantanen (VAN) for Roughing (Minor) at 18:15
3rd period
No Goal
Penalties :
Cooper Marody (LAK) for Hooking (Minor) at 11:34, Mikko Rantanen (VAN) for Holding (Minor) at 16:23
Goalie Stats
John Gibson (LAK), 30 saves from 32 shots - (0.938), W, 15-15-3, 60:00 minutes
Joonas Korpisalo (VAN), 23 saves from 27 shots - (0.852), L, 8-9-1, 60:00 minutes
Players Stats for Los Angeles Kings
Player Name G A P +/- PIM S H SB GA TA FO MP PP MP PK MP
------------------------------------------------------------------------------------
Alexander Radulov 0 1 1 0 0 0 2 0 1 0 6/16 17:54 3:01 1:51
Alexander Romanov 0 0 0 1 0 0 0 1 0 1 0/0 22:29 2:42 2:04
Andrei Kuzmenko 0 1 1 1 0 3 0 2 1 0 0/0 19:14 2:56 2:02
Andrei Svechnikov 1 0 1 1 0 3 1 2 2 0 0/2 18:58 2:56 2:02
Cole Perfetti 1 1 2 2 0 4 2 0 1 0 1/5 15:58 3:01 0:16
Cooper Marody 0 0 0 0 2 2 1 0 0 0 2/3 10:23 0:00 0:00
Erik Brannstrom 0 0 0 1 0 3 1 0 0 1 0/0 15:15 0:00 0:00
Jakub Zboril 0 0 0 0 0 1 0 1 0 0 0/0 10:01 0:00 0:00
Joshua Brown 0 0 0 1 4 3 0 2 0 0 0/0 15:27 0:00 0:00
K'Andre Miller 0 1 1 1 0 1 1 1 0 1 0/0 22:29 2:42 2:04
Marco Rossi 0 0 0 2 0 0 1 0 2 0 0/1 15:43 3:01 0:00
Noah Dobson 1 0 1 1 0 2 1 2 0 2 0/0 22:16 3:15 2:05
Owen Power 0 0 0 1 0 0 1 1 0 0 0/0 22:16 3:15 2:05
Peyton Krebs 0 1 1 0 0 2 1 0 0 0 0/0 14:29 0:00 0:16
Ryan Reaves 0 0 0 2 0 0 2 0 0 0 1/3 11:32 0:00 0:00
Seth Jarvis 0 0 0 1 0 1 1 1 0 0 9/16 18:49 2:56 1:51
Trent Frederic 1 0 1 0 0 1 3 0 0 0 0/1 12:34 0:00 0:00
Vitali Kravtsov 0 0 0 0 0 1 2 0 1 0 0/0 10:01 0:00 0:00
Players Stats for Vancouver Canucks
Player Name G A P +/- PIM S H SB GA TA FO MP PP MP PK MP
------------------------------------------------------------------------------------
Adam Boqvist 0 0 0 -1 0 0 1 0 0 0 0/0 21:08 2:01 2:43
Aleksander Barkov 1 0 1 -1 0 3 1 0 0 1 7/14 19:07 2:16 2:49
Anton Lundell 0 0 0 0 0 0 1 0 0 0 0/0 10:30 0:00 0:12
Artturi Lehkonen 0 1 1 0 0 6 1 1 2 1 0/0 19:07 1:53 2:46
Casey Mittelstadt 0 1 1 -2 0 1 0 0 0 0 2/2 14:05 1:53 1:02
Chad Ruhwedel 0 0 0 -1 0 1 0 1 0 1 0/0 19:59 2:01 2:43
Clayton Keller 0 0 0 -1 0 5 1 0 0 0 1/3 20:46 2:16 2:46
Jacob Bryson 0 0 0 -1 0 1 0 0 0 0 0/0 13:42 0:00 0:00
Jake Bean 0 0 0 -1 0 1 1 1 0 0 0/0 14:17 0:00 0:00
Jesperi Kotkaniemi 0 0 0 -2 2 0 2 0 0 1 6/7 13:44 0:00 1:19
Kasperi Kapanen 1 0 1 0 0 5 2 0 1 0 1/1 14:49 1:53 0:00
Mikko Rantanen 0 0 0 -1 4 3 1 0 0 1 0/0 18:58 2:16 1:00
Miro Heiskanen 0 0 0 -1 0 0 1 2 0 1 0/0 25:44 2:08 3:14
Noah Cates 0 0 0 0 0 1 0 1 1 1 4/5 8:48 0:00 0:00
Noah Hanifin 0 1 1 -1 0 2 2 0 0 1 0/0 25:10 2:08 3:14
Robby Fabbri 0 0 0 0 0 1 0 0 0 0 6/12 12:48 0:00 0:00
Sam Lafferty 0 0 0 0 0 1 1 0 0 0 0/1 8:48 0:00 0:00
Taylor Raddysh 0 0 0 -2 0 1 1 0 1 0 1/2 12:30 0:00 0:00
3 Stars
1 - Cole Perfetti (LAK)
2 - Noah Dobson (LAK)
3 - Andrei Svechnikov (LAK)
Power Play
Los Angeles Kings - 0 on 3 Attempt(s) - 0.00%
Vancouver Canucks - 1 on 3 Attempt(s) - 33.33%
Penalty Kill
Los Angeles Kings - 2 on 3 Attempt(s) - 66.67%
- Score 0 goal in Penalty Kill
Vancouver Canucks - 3 on 3 Attempt(s) - 100.00%
- Score 0 goal in Penalty Kill
Team Stat
Los Angeles Kings - Hits : 20 - Faceoff Wins : 19 - Blocked Shots : 13 - Penalty Minutes : 6
Vancouver Canucks - Hits : 16 - Faceoff Wins : 28 - Blocked Shots : 6 - Penalty Minutes : 6
Official
Referees : Mike Hasenfratz and Mike Leggo
Linesman : Steve Barton and Jonny Murray
Game Notes
No Game Note
Finance
Level 1 -- Attendance: 4228 (70.47%) -- Ticket Income $418,572
Level 2 -- Attendance: 3832 (76.64%) -- Ticket Income $226,088
Level 3 -- Attendance: 2100 (70.00%) -- Ticket Income $71,400
Level 4 -- Attendance: 3966 (79.32%) -- Ticket Income $95,184
Luxury Box -- Attendance: 689 (68.90%) -- Ticket Income $137,111
Game was played at the Rogers Arena.
Total Attendance: 14815 (74.08%)
Total Ticket Income: $948,355
Other Income: $331,924
Total Income: $1,280,279
Los Angeles Kings
5 vs 5 Forward
Center Left Wing Right Wing Time % Phy DF OF
1 Seth Jarvis Andrei Svechnikov Andrei Kuzmenko 30 1 2 2
2 Alexander Radulov Trent Frederic Peyton Krebs 30 1 2 2
3 Cole Perfetti Ryan Reaves Marco Rossi 25 1 2 2
4 Cooper Marody Vitali Kravtsov Jakub Zboril 15 1 2 2
5 vs 5 Defense
Defense Defense Time % Phy DF OF
1 K'Andre Miller Alexander Romanov 35 1 2 2
2 Noah Dobson Owen Power 35 1 2 2
3 Joshua Brown Erik Brannstrom 30 1 2 2
4 K'Andre Miller Alexander Romanov 0 1 2 2
PowerPlay Forward
Center Left Wing Right Wing Time % Phy DF OF
1 Seth Jarvis Andrei Svechnikov Andrei Kuzmenko 50 1 2 2
2 Alexander Radulov Cole Perfetti Marco Rossi 50 1 2 2
PowerPlay Defense
Defense Defense Time % Phy DF OF
1 K'Andre Miller Alexander Romanov 50 1 2 2
2 Noah Dobson Owen Power 50 1 2 2
Penalty Kill 4 Players Forward
Center Wing Time % Phy DF OF
1 Andrei Svechnikov Andrei Kuzmenko 50 1 2 2
2 Alexander Radulov Seth Jarvis 50 1 2 2
Penalty Kill 4 Players Defense
Defense Defense Time % Phy DF OF
1 K'Andre Miller Alexander Romanov 50 1 2 2
2 Noah Dobson Owen Power 50 1 2 2
Penalty Kill - 3 Players Forward
Forward Time % Phy DF OF
1 Andrei Svechnikov 50 1 2 2
2 Andrei Kuzmenko 50 1 2 2
Penalty Kill - 3 Players Defense
Defense Defense Time % Phy DF OF
1 K'Andre Miller Alexander Romanov 50 1 2 2
2 Noah Dobson Owen Power 50 1 2 2
4 vs 4 Forward
Center Wing Time % Phy DF OF
1 Andrei Svechnikov Andrei Kuzmenko 50 1 2 2
2 Alexander Radulov Seth Jarvis 50 1 2 2
4 vs 4 Defense
Defense Defense Time % Phy DF OF
1 K'Andre Miller Alexander Romanov 50 1 2 2
2 Noah Dobson Owen Power 50 1 2 2
Last Minutes Offensive
Center Left Wing Right Wing Defense Defense
Seth Jarvis Andrei Svechnikov Andrei Kuzmenko K'Andre Miller Alexander Romanov
Last Minutes Defensive
Center Left Wing Right Wing Defense Defense
Seth Jarvis Andrei Svechnikov Andrei Kuzmenko K'Andre Miller Alexander Romanov
Goaltenders
Starting : John Gibson
Backup : Jonas Johansson
Extra Forwards
Normal : Marco Rossi, Alexander Radulov, Cole Perfetti - PP : Marco Rossi, Alexander Radulov - PK : Cole Perfetti
Extra Defensemen
Normal : Joshua Brown, Erik Brannstrom, Noah Dobson - PP : Joshua Brown - PK : Erik Brannstrom, Noah Dobson
Penalty Shots
Andrei Svechnikov, Andrei Kuzmenko, Cole Perfetti, Seth Jarvis, Alexander Radulov
Vancouver Canucks
5 vs 5 Forward
Center Left Wing Right Wing Time % Phy DF OF
1 Aleksander Barkov Clayton Keller Mikko Rantanen 30 1 2 2
2 Robby Fabbri Artturi Lehkonen Kasperi Kapanen 30 1 2 2
3 Jesperi Kotkaniemi Casey Mittelstadt Taylor Raddysh 25 1 2 2
4 Noah Cates Anton Lundell Sam Lafferty 15 1 2 2
5 vs 5 Defense
Defense Defense Time % Phy DF OF
1 Adam Boqvist Miro Heiskanen 30 1 2 2
2 Noah Hanifin Jake Bean 30 1 2 2
3 Chad Ruhwedel Jacob Bryson 25 1 2 2
4 Noah Hanifin Miro Heiskanen 15 1 2 2
PowerPlay Forward
Center Left Wing Right Wing Time % Phy DF OF
1 Aleksander Barkov Clayton Keller Mikko Rantanen 50 1 2 2
2 Casey Mittelstadt Artturi Lehkonen Kasperi Kapanen 50 1 2 2
PowerPlay Defense
Defense Defense Time % Phy DF OF
1 Noah Hanifin Miro Heiskanen 50 1 2 2
2 Chad Ruhwedel Adam Boqvist 50 1 2 2
Penalty Kill 4 Players Forward
Center Wing Time % Phy DF OF
1 Aleksander Barkov Mikko Rantanen 50 1 2 2
2 Clayton Keller Artturi Lehkonen 50 1 2 2
Penalty Kill 4 Players Defense
Defense Defense Time % Phy DF OF
1 Noah Hanifin Miro Heiskanen 50 1 2 2
2 Chad Ruhwedel Adam Boqvist 50 1 2 2
Penalty Kill - 3 Players Forward
Forward Time % Phy DF OF
1 Aleksander Barkov 50 1 2 2
2 Mikko Rantanen 50 1 2 2
Penalty Kill - 3 Players Defense
Defense Defense Time % Phy DF OF
1 Noah Hanifin Miro Heiskanen 50 1 2 2
2 Chad Ruhwedel Adam Boqvist 50 1 2 2
4 vs 4 Forward
Center Wing Time % Phy DF OF
1 Aleksander Barkov Mikko Rantanen 50 1 2 2
2 Clayton Keller Artturi Lehkonen 50 1 2 2
4 vs 4 Defense
Defense Defense Time % Phy DF OF
1 Noah Hanifin Miro Heiskanen 50 1 2 2
2 Chad Ruhwedel Adam Boqvist 50 1 2 2
Last Minutes Offensive
Center Left Wing Right Wing Defense Defense
Aleksander Barkov Clayton Keller Mikko Rantanen Noah Hanifin Miro Heiskanen
Last Minutes Defensive
Center Left Wing Right Wing Defense Defense
Aleksander Barkov Clayton Keller Mikko Rantanen Noah Hanifin Miro Heiskanen
Goaltenders
Starting : Joonas Korpisalo
Backup : Ville Husso
Extra Forwards
Normal : Taylor Raddysh, Anton Lundell, Jesperi Kotkaniemi - PP : Taylor Raddysh, Anton Lundell - PK : Jesperi Kotkaniemi
Extra Defensemen
Normal : Jake Bean, Jacob Bryson, Chad Ruhwedel - PP : Jake Bean - PK : Jacob Bryson, Chad Ruhwedel
Penalty Shots
Aleksander Barkov, Mikko Rantanen, Clayton Keller, Artturi Lehkonen, Casey Mittelstadt
% Time on Ice - Los Angeles Kings
Lines # - Real PCT - Wanted PCT - Time Play
Normal Forward
1 - 29% - 30% - 14:30
2 - 28% - 30% - 14:04
3 - 23% - 25% - 11:19
4 - 20% - 15% - 10:01
Normal Defense
1 - 36% - 35% - 17:43
2 - 34% - 35% - 16:56
3 - 31% - 30% - 15:15
4 - 0% - 0% - 0:00
PP Forward
1 - 49% - 50% - 2:56
2 - 51% - 50% - 3:01
PP Defense
1 - 45% - 50% - 2:42
2 - 55% - 50% - 3:15
PK Forward
1 - 50% - 50% - 2:05
2 - 50% - 50% - 2:04
PK Defense
1 - 50% - 50% - 2:04
2 - 50% - 50% - 2:05
PK3 Forward
1 - 0% - 50%
2 - 0% - 50%
PK3 Defense
1 - 0% - 50%
2 - 0% - 50%
44 Forward
1 - 0% - 50%
2 - 0% - 50%
44 Defense
1 - 0% - 50%
2 - 0% - 50%
Last Minute Offensive - 0:00
Last Minute Defensive - 0:00
Total
Forward - 60:00
Defense - 60:00
|
% Time on Ice - Vancouver Canucks
Lines # - Real PCT - Wanted PCT - Time Play
Normal Forward
1 - 30% - 30% - 14:46
2 - 29% - 30% - 14:28
3 - 24% - 25% - 11:52
4 - 18% - 15% - 8:48
Normal Defense
1 - 30% - 30% - 14:44
2 - 30% - 30% - 15:03
3 - 27% - 25% - 13:42
4 - 13% - 15% - 6:25
PP Forward
1 - 55% - 50% - 2:16
2 - 45% - 50% - 1:53
PP Defense
1 - 51% - 50% - 2:08
2 - 49% - 50% - 2:01
PK Forward
1 - 54% - 50% - 3:11
2 - 46% - 50% - 2:46
PK Defense
1 - 54% - 50% - 3:14
2 - 46% - 50% - 2:43
PK3 Forward
1 - 0% - 50%
2 - 0% - 50%
PK3 Defense
1 - 0% - 50%
2 - 0% - 50%
44 Forward
1 - 0% - 50%
2 - 0% - 50%
44 Defense
1 - 0% - 50%
2 - 0% - 50%
Last Minute Offensive - 0:00
Last Minute Defensive - 0:00
Total
Forward - 60:00
Defense - 60:00
|
Play-by-Play
1st period
0:01 of 1st period - Seth Jarvis wins face-off versus Aleksander Barkov in neutral zone.
0:26 of 1st period - Aleksander Barkov is hit by Ryan Reaves and loses puck.
0:37 of 1st period - Snap shot by Cole Perfetti.
0:37 of 1st period - Stopped by Joonas Korpisalo with a rebound.
0:39 of 1st period - Wrist shot by Cole Perfetti.
0:39 of 1st period - Goal by Cole Perfetti - Los Angeles Kings : 1 - Vancouver Canucks : 0.
0:40 of 1st period - Alexander Radulov wins face-off versus Robby Fabbri in neutral zone.
1:23 of 1st period - Chad Ruhwedel is hit by Cooper Marody and loses puck.
1:36 of 1st period - Snap shot by Sam Lafferty.
1:36 of 1st period - Stopped by John Gibson without a rebound.
1:37 of 1st period - Noah Cates wins face-off versus Seth Jarvis in Los Angeles Kings zone.
1:52 of 1st period - Snap shot by Noah Cates.
1:52 of 1st period - Stopped by John Gibson with a rebound.
2:30 of 1st period - Slapshot by Trent Frederic.
2:30 of 1st period - Shot Misses the Net.
2:32 of 1st period - Slapshot by K'Andre Miller.
2:32 of 1st period - Stopped by Joonas Korpisalo without a rebound.
2:33 of 1st period - Ryan Reaves wins face-off versus Aleksander Barkov in Vancouver Canucks zone.
2:48 of 1st period - Slapshot by Mikko Rantanen.
2:48 of 1st period - Shot Blocked by Owen Power.
3:06 of 1st period - Snap shot by Peyton Krebs.
3:06 of 1st period - Shot Blocked by Artturi Lehkonen.
3:26 of 1st period - Wrist shot by Andrei Svechnikov.
3:26 of 1st period - Stopped by Joonas Korpisalo without a rebound.
3:27 of 1st period - Noah Cates wins face-off versus Cooper Marody in Vancouver Canucks zone.
3:52 of 1st period - Aleksander Barkov is hit by Andrei Svechnikov and loses puck.
3:57 of 1st period - Wrist shot by Andrei Svechnikov.
3:57 of 1st period - Goal by Andrei Svechnikov - Los Angeles Kings : 2 - Vancouver Canucks : 0.
3:58 of 1st period - Jesperi Kotkaniemi wins face-off versus Alexander Radulov in neutral zone.
4:03 of 1st period - Snap shot by Casey Mittelstadt.
4:03 of 1st period - Stopped by John Gibson without a rebound.
4:04 of 1st period - Jesperi Kotkaniemi wins face-off versus Alexander Radulov in Los Angeles Kings zone.
4:33 of 1st period - Wrist shot by Kasperi Kapanen.
4:33 of 1st period - Shot Misses the Net.
5:33 of 1st period - Wrist shot by Peyton Krebs.
5:33 of 1st period - Stopped by Joonas Korpisalo with a rebound.
5:35 of 1st period - Slapshot by Joshua Brown.
5:35 of 1st period - Shot Misses the Net.
5:37 of 1st period - Slapshot by Joshua Brown.
5:37 of 1st period - Stopped by Joonas Korpisalo without a rebound.
5:38 of 1st period - Seth Jarvis wins face-off versus Robby Fabbri in Vancouver Canucks zone.
5:45 of 1st period - Noah Hanifin is hit by Erik Brannstrom and loses puck.
6:09 of 1st period - Wrist shot by Aleksander Barkov.
6:09 of 1st period - Shot Blocked by Joshua Brown.
6:15 of 1st period - Chad Ruhwedel is hit by Cole Perfetti and loses puck.
6:28 of 1st period - Slapshot by Taylor Raddysh.
6:28 of 1st period - Stopped by John Gibson with a rebound.
6:38 of 1st period - K'Andre Miller is hit by Jesperi Kotkaniemi and loses puck.
6:57 of 1st period - Vitali Kravtsov is hit by Kasperi Kapanen and loses puck.
7:12 of 1st period - Snap shot by Cole Perfetti.
7:12 of 1st period - Stopped by Joonas Korpisalo with a rebound.
7:27 of 1st period - Noah Dobson is hit by Sam Lafferty and loses puck.
8:09 of 1st period - Wrist shot by Trent Frederic.
8:09 of 1st period - Goal by Trent Frederic - Los Angeles Kings : 3 - Vancouver Canucks : 0.
8:10 of 1st period - Robby Fabbri wins face-off versus Seth Jarvis in neutral zone.
8:35 of 1st period - Alexander Romanov is hit by Aleksander Barkov and loses puck.
8:44 of 1st period - Slapshot by Trent Frederic.
8:44 of 1st period - Shot Blocked by Jake Bean.
8:46 of 1st period - Slapshot by Joshua Brown.
8:46 of 1st period - Deflect By Jake Bean.
8:46 of 1st period - Stopped by Joonas Korpisalo with a rebound.
9:04 of 1st period - Slapshot by Noah Dobson.
9:04 of 1st period - Shot Misses the Net.
9:06 of 1st period - Wrist shot by Marco Rossi.
9:06 of 1st period - Shot Misses the Net.
9:58 of 1st period - Clayton Keller is hit by K'Andre Miller and loses puck.
11:26 of 1st period - Snap shot by Trent Frederic.
11:26 of 1st period - Shot Misses the Net.
11:28 of 1st period - Slapshot by Erik Brannstrom.
11:28 of 1st period - Deflect By Aleksander Barkov.
11:28 of 1st period - Stopped by Joonas Korpisalo with a rebound.
11:44 of 1st period - Owen Power is hit by Taylor Raddysh and loses puck.
11:53 of 1st period - Jesperi Kotkaniemi is hit by Cole Perfetti and loses puck.
12:26 of 1st period - Slapshot by Artturi Lehkonen.
12:26 of 1st period - Stopped by John Gibson without a rebound.
12:27 of 1st period - Seth Jarvis wins face-off versus Robby Fabbri in Los Angeles Kings zone.
12:34 of 1st period - Snap shot by Kasperi Kapanen.
12:34 of 1st period - Stopped by John Gibson with a rebound.
12:36 of 1st period - Snap shot by Artturi Lehkonen.
12:36 of 1st period - Shot Misses the Net.
12:38 of 1st period - Snap shot by Robby Fabbri.
12:38 of 1st period - Shot Misses the Net.
12:40 of 1st period - Wrist shot by Artturi Lehkonen.
12:40 of 1st period - Shot Blocked by Andrei Svechnikov.
12:42 of 1st period - Wrist shot by Kasperi Kapanen.
12:42 of 1st period - Deflect By Andrei Kuzmenko.
12:42 of 1st period - Stopped by John Gibson with a rebound.
13:15 of 1st period - Minor Penalty to Jesperi Kotkaniemi for Hooking.
13:16 of 1st period - Seth Jarvis wins face-off versus Aleksander Barkov in Vancouver Canucks zone.
13:31 of 1st period - Wrist shot by Andrei Kuzmenko.
13:31 of 1st period - Stopped by Joonas Korpisalo with a rebound.
13:44 of 1st period - Off-side.
13:45 of 1st period - Alexander Radulov wins face-off versus Clayton Keller in neutral zone.
15:15 of 1st period - Penalty to Jesperi Kotkaniemi is over, Jesperi Kotkaniemi is back on ice.
15:28 of 1st period - Wrist shot by Cooper Marody.
15:28 of 1st period - Stopped by Joonas Korpisalo without a rebound.
15:29 of 1st period - Cooper Marody wins face-off versus Jesperi Kotkaniemi in Vancouver Canucks zone.
15:33 of 1st period - Snap shot by Erik Brannstrom.
15:33 of 1st period - Shot Misses the Net.
15:35 of 1st period - Snap shot by Jakub Zboril.
15:35 of 1st period - Stopped by Joonas Korpisalo without a rebound.
15:36 of 1st period - Jesperi Kotkaniemi wins face-off versus Alexander Radulov in Vancouver Canucks zone.
15:43 of 1st period - Wrist shot by Taylor Raddysh.
15:43 of 1st period - Deflect By Noah Dobson.
15:43 of 1st period - Shot Blocked by Noah Dobson.
15:43 of 1st period - Puck is out of play.
15:44 of 1st period - Aleksander Barkov wins face-off versus Alexander Radulov in Los Angeles Kings zone.
16:53 of 1st period - Chad Ruhwedel is hit by Vitali Kravtsov and loses puck.
17:12 of 1st period - Wrist shot by Aleksander Barkov.
17:12 of 1st period - Stopped by John Gibson with a rebound.
18:25 of 1st period - Off-side.
18:26 of 1st period - Alexander Radulov wins face-off versus Aleksander Barkov in neutral zone.
18:31 of 1st period - Jacob Bryson is hit by Trent Frederic and loses puck.
19:26 of 1st period - Backhand shot by Cole Perfetti.
19:26 of 1st period - Shot Misses the Net.
19:41 of 1st period - Off-side.
19:42 of 1st period - Noah Cates wins face-off versus Alexander Radulov in neutral zone.
Goals for this period are 3 for Los Angeles Kings vs 0 for Vancouver Canucks.
Shots for this period are 14 for Los Angeles Kings vs 8 for Vancouver Canucks.
2nd period
0:01 of 2nd period - Aleksander Barkov wins face-off versus Seth Jarvis in neutral zone.
0:04 of 2nd period - Wrist shot by Clayton Keller.
0:04 of 2nd period - Stopped by John Gibson with a rebound.
0:30 of 2nd period - Wrist shot by Artturi Lehkonen.
0:30 of 2nd period - Stopped by John Gibson without a rebound.
0:31 of 2nd period - Robby Fabbri wins face-off versus Cole Perfetti in Los Angeles Kings zone.
0:42 of 2nd period - Wrist shot by Artturi Lehkonen.
0:42 of 2nd period - Stopped by John Gibson with a rebound.
0:44 of 2nd period - Snap shot by Kasperi Kapanen.
0:44 of 2nd period - Shot Blocked by Noah Dobson.
1:06 of 2nd period - Taylor Raddysh is hit by Ryan Reaves and loses puck.
1:55 of 2nd period - Wrist shot by Cole Perfetti.
1:55 of 2nd period - Stopped by Joonas Korpisalo without a rebound.
1:56 of 2nd period - Alexander Radulov wins face-off versus Aleksander Barkov in Vancouver Canucks zone.
2:09 of 2nd period - Slapshot by Clayton Keller.
2:09 of 2nd period - Stopped by John Gibson with a rebound.
2:21 of 2nd period - Andrei Svechnikov is hit by Kasperi Kapanen and loses puck.
2:37 of 2nd period - Icing by Jake Bean.
2:38 of 2nd period - Cooper Marody wins face-off versus Sam Lafferty in Vancouver Canucks zone.
2:41 of 2nd period - Snap shot by Vitali Kravtsov.
2:41 of 2nd period - Shot Misses the Net.
2:43 of 2nd period - Backhand shot by Joshua Brown.
2:43 of 2nd period - Shot Blocked by Noah Cates.
3:49 of 2nd period - Adam Boqvist is hit by Vitali Kravtsov and loses puck.
3:54 of 2nd period - Snap shot by Cooper Marody.
3:54 of 2nd period - Stopped by Joonas Korpisalo without a rebound.
3:55 of 2nd period - Aleksander Barkov wins face-off versus Alexander Radulov in Vancouver Canucks zone.
4:16 of 2nd period - Aleksander Barkov is hit by Alexander Radulov and loses puck.
4:27 of 2nd period - Wrist shot by Alexander Radulov.
4:27 of 2nd period - Shot Misses the Net.
4:37 of 2nd period - Snap shot by Clayton Keller.
4:37 of 2nd period - Stopped by John Gibson with a rebound.
4:53 of 2nd period - Aleksander Barkov is hit by Trent Frederic and loses puck.
5:08 of 2nd period - Snap shot by Aleksander Barkov.
5:08 of 2nd period - Shot Misses the Net.
5:10 of 2nd period - Wrist shot by Mikko Rantanen.
5:10 of 2nd period - Stopped by John Gibson with a rebound.
5:49 of 2nd period - Slapshot by Aleksander Barkov.
5:49 of 2nd period - Shot Misses the Net.
5:51 of 2nd period - Snap shot by Clayton Keller.
5:51 of 2nd period - Stopped by John Gibson with a rebound.
5:57 of 2nd period - Snap shot by Aleksander Barkov.
5:57 of 2nd period - Shot Misses the Net.
5:59 of 2nd period - Wrist shot by Aleksander Barkov.
5:59 of 2nd period - Goal by Aleksander Barkov - Los Angeles Kings : 3 - Vancouver Canucks : 1.
6:00 of 2nd period - Robby Fabbri wins face-off versus Seth Jarvis in neutral zone.
6:03 of 2nd period - Snap shot by Artturi Lehkonen.
6:03 of 2nd period - Shot Misses the Net.
6:05 of 2nd period - Slapshot by Jacob Bryson.
6:05 of 2nd period - Deflect By Artturi Lehkonen.
6:05 of 2nd period - Shot Blocked by Joshua Brown.
6:05 of 2nd period - Puck is out of play.
6:06 of 2nd period - Seth Jarvis wins face-off versus Robby Fabbri in Los Angeles Kings zone.
6:20 of 2nd period - Wrist shot by Robby Fabbri.
6:20 of 2nd period - Stopped by John Gibson without a rebound.
6:21 of 2nd period - Jesperi Kotkaniemi wins face-off versus Ryan Reaves in Los Angeles Kings zone.
6:30 of 2nd period - Slapshot by Noah Dobson.
6:30 of 2nd period - Goal by Noah Dobson - Los Angeles Kings : 4 - Vancouver Canucks : 1.
6:31 of 2nd period - Robby Fabbri wins face-off versus Seth Jarvis in neutral zone.
6:53 of 2nd period - Icing by Kasperi Kapanen.
6:54 of 2nd period - Robby Fabbri wins face-off versus Cole Perfetti in Vancouver Canucks zone.
7:25 of 2nd period - Snap shot by Andrei Svechnikov.
7:25 of 2nd period - Shot Misses the Net.
7:30 of 2nd period - Minor Penalty to Joshua Brown for Hooking.
7:31 of 2nd period - Aleksander Barkov wins face-off versus Andrei Svechnikov in Los Angeles Kings zone.
7:31 of 2nd period - Snap shot by Mikko Rantanen.
7:31 of 2nd period - Shot Blocked by K'Andre Miller.
8:08 of 2nd period - Snap shot by Artturi Lehkonen.
8:08 of 2nd period - Stopped by John Gibson with a rebound.
9:25 of 2nd period - Miro Heiskanen is hit by Peyton Krebs and loses puck.
9:30 of 2nd period - Penalty to Joshua Brown is over, Joshua Brown is back on ice.
9:36 of 2nd period - Snap shot by Peyton Krebs.
9:36 of 2nd period - Shot Misses the Net.
10:04 of 2nd period - Jacob Bryson is hit by Marco Rossi and loses puck.
10:39 of 2nd period - Cole Perfetti is hit by Anton Lundell and loses puck.
10:54 of 2nd period - Wrist shot by Taylor Raddysh.
10:54 of 2nd period - Deflect By Alexander Romanov.
10:54 of 2nd period - Shot Misses the Net.
10:54 of 2nd period - Puck is out of play.
10:55 of 2nd period - Seth Jarvis wins face-off versus Robby Fabbri in Los Angeles Kings zone.
11:06 of 2nd period - Snap shot by Andrei Kuzmenko.
11:06 of 2nd period - Shot Misses the Net.
11:08 of 2nd period - Slapshot by Erik Brannstrom.
11:08 of 2nd period - Stopped by Joonas Korpisalo without a rebound.
11:09 of 2nd period - Kasperi Kapanen wins face-off versus Seth Jarvis in Vancouver Canucks zone.
11:20 of 2nd period - Seth Jarvis is hit by Noah Hanifin and loses puck.
11:44 of 2nd period - Slapshot by Noah Hanifin.
11:44 of 2nd period - Stopped by John Gibson with a rebound.
12:23 of 2nd period - Icing by Artturi Lehkonen.
12:24 of 2nd period - Noah Cates wins face-off versus Ryan Reaves in Vancouver Canucks zone.
13:19 of 2nd period - Snap shot by Andrei Svechnikov.
13:19 of 2nd period - Shot Blocked by Chad Ruhwedel.
13:33 of 2nd period - Wrist shot by Peyton Krebs.
13:33 of 2nd period - Stopped by Joonas Korpisalo with a rebound.
13:40 of 2nd period - Minor Penalty to Joshua Brown for Elbowing.
13:41 of 2nd period - Casey Mittelstadt wins face-off versus Andrei Svechnikov in Los Angeles Kings zone.
13:45 of 2nd period - Snap shot by Kasperi Kapanen.
13:45 of 2nd period - Stopped by John Gibson with a rebound.
13:47 of 2nd period - Snap shot by Kasperi Kapanen.
13:47 of 2nd period - Shot Misses the Net.
13:51 of 2nd period - Slapshot by Artturi Lehkonen.
13:51 of 2nd period - Deflect By Kasperi Kapanen.
13:51 of 2nd period - Goal by Kasperi Kapanen - Los Angeles Kings : 4 - Vancouver Canucks : 2.
13:52 of 2nd period - Seth Jarvis wins face-off versus Robby Fabbri in neutral zone.
14:22 of 2nd period - Slapshot by Noah Dobson.
14:22 of 2nd period - Shot Misses the Net.
14:26 of 2nd period - Slapshot by Noah Dobson.
14:26 of 2nd period - Deflect By Cole Perfetti.
14:26 of 2nd period - Shot Hit the Post.
14:26 of 2nd period - Puck is out of play.
14:27 of 2nd period - Robby Fabbri wins face-off versus Alexander Radulov in Vancouver Canucks zone.
14:27 of 2nd period - Robby Fabbri is hit by Trent Frederic.
14:53 of 2nd period - Alexander Romanov is hit by Mikko Rantanen and loses puck.
15:02 of 2nd period - Snap shot by Clayton Keller.
15:02 of 2nd period - Shot Misses the Net.
15:06 of 2nd period - Snap shot by Aleksander Barkov.
15:06 of 2nd period - Shot Blocked by Andrei Kuzmenko.
15:13 of 2nd period - Icing by K'Andre Miller.
15:14 of 2nd period - Taylor Raddysh wins face-off versus Seth Jarvis in Los Angeles Kings zone.
15:27 of 2nd period - Wrist shot by Kasperi Kapanen.
15:27 of 2nd period - Stopped by John Gibson with a rebound.
15:29 of 2nd period - Wrist shot by Robby Fabbri.
15:29 of 2nd period - Shot Misses the Net.
16:06 of 2nd period - Wrist shot by Mikko Rantanen.
16:06 of 2nd period - Stopped by John Gibson with a rebound.
16:50 of 2nd period - Snap shot by Kasperi Kapanen.
16:50 of 2nd period - Shot Misses the Net.
17:13 of 2nd period - Snap shot by Andrei Kuzmenko.
17:13 of 2nd period - Stopped by Joonas Korpisalo without a rebound.
17:14 of 2nd period - Cole Perfetti wins face-off versus Taylor Raddysh in Vancouver Canucks zone.
18:09 of 2nd period - Slapshot by Cooper Marody.
18:09 of 2nd period - Shot Misses the Net.
18:15 of 2nd period - Minor Penalty to Mikko Rantanen for Roughing.
18:16 of 2nd period - Alexander Radulov wins face-off versus Clayton Keller in Vancouver Canucks zone.
19:42 of 2nd period - Seth Jarvis is hit by Artturi Lehkonen and loses puck.
Goals for this period are 1 for Los Angeles Kings vs 2 for Vancouver Canucks.
Shots for this period are 6 for Los Angeles Kings vs 15 for Vancouver Canucks.
3rd period
0:01 of 3rd period - Clayton Keller wins face-off versus Alexander Radulov in neutral zone.
0:15 of 3rd period - Penalty to Mikko Rantanen is over, Mikko Rantanen is back on ice.
0:35 of 3rd period - Slapshot by Clayton Keller.
0:35 of 3rd period - Stopped by John Gibson with a rebound.
0:37 of 3rd period - Wrist shot by Clayton Keller.
0:37 of 3rd period - Shot Misses the Net.
0:49 of 3rd period - Wrist shot by Artturi Lehkonen.
0:49 of 3rd period - Shot Blocked by Alexander Romanov.
0:51 of 3rd period - Slapshot by Jacob Bryson.
0:51 of 3rd period - Stopped by John Gibson with a rebound.
0:53 of 3rd period - Snap shot by Artturi Lehkonen.
0:53 of 3rd period - Stopped by John Gibson with a rebound.
0:55 of 3rd period - Slapshot by Chad Ruhwedel.
0:55 of 3rd period - Stopped by John Gibson with a rebound.
1:08 of 3rd period - Snap shot by Mikko Rantanen.
1:08 of 3rd period - Stopped by John Gibson with a rebound.
1:10 of 3rd period - Slapshot by Noah Hanifin.
1:10 of 3rd period - Stopped by John Gibson with a rebound.
1:12 of 3rd period - Slapshot by Jake Bean.
1:12 of 3rd period - Deflect By K'Andre Miller.
1:12 of 3rd period - Stopped by John Gibson with a rebound.
1:28 of 3rd period - Snap shot by Artturi Lehkonen.
1:28 of 3rd period - Shot Misses the Net.
1:30 of 3rd period - Snap shot by Mikko Rantanen.
1:30 of 3rd period - Shot Blocked by Jakub Zboril.
1:32 of 3rd period - Snap shot by Artturi Lehkonen.
1:32 of 3rd period - Stopped by John Gibson without a rebound.
1:33 of 3rd period - Jesperi Kotkaniemi wins face-off versus Cole Perfetti in Los Angeles Kings zone.
2:02 of 3rd period - Sam Lafferty is hit by Noah Dobson and loses puck.
2:07 of 3rd period - Wrist shot by Andrei Svechnikov.
2:07 of 3rd period - Deflect By Andrei Kuzmenko.
2:07 of 3rd period - Deflect By Miro Heiskanen.
2:07 of 3rd period - Stopped by Joonas Korpisalo without a rebound.
2:08 of 3rd period - Jesperi Kotkaniemi wins face-off versus Trent Frederic in Vancouver Canucks zone.
2:17 of 3rd period - Erik Brannstrom is hit by Noah Hanifin and loses puck.
2:34 of 3rd period - Ryan Reaves is hit by Jake Bean and loses puck.
2:44 of 3rd period - Slapshot by Owen Power.
2:44 of 3rd period - Shot Misses the Net.
3:27 of 3rd period - Slapshot by Noah Dobson.
3:27 of 3rd period - Shot Blocked by Miro Heiskanen.
3:29 of 3rd period - Snap shot by Vitali Kravtsov.
3:29 of 3rd period - Shot Misses the Net.
4:27 of 3rd period - Wrist shot by Seth Jarvis.
4:27 of 3rd period - Stopped by Joonas Korpisalo with a rebound.
4:29 of 3rd period - Backhand shot by Seth Jarvis.
4:29 of 3rd period - Shot Misses the Net.
4:31 of 3rd period - Slapshot by Erik Brannstrom.
4:31 of 3rd period - Stopped by Joonas Korpisalo with a rebound.
5:05 of 3rd period - Chad Ruhwedel is hit by Alexander Radulov and loses puck.
5:12 of 3rd period - Wrist shot by Alexander Radulov.
5:12 of 3rd period - Shot Misses the Net.
5:14 of 3rd period - Snap shot by Trent Frederic.
5:14 of 3rd period - Shot Misses the Net.
6:08 of 3rd period - Slapshot by Noah Dobson.
6:08 of 3rd period - Stopped by Joonas Korpisalo without a rebound.
6:09 of 3rd period - Seth Jarvis wins face-off versus Noah Cates in Vancouver Canucks zone.
6:14 of 3rd period - Snap shot by Andrei Kuzmenko.
6:14 of 3rd period - Shot Misses the Net.
6:24 of 3rd period - Snap shot by Noah Cates.
6:24 of 3rd period - Shot Misses the Net.
6:36 of 3rd period - Erik Brannstrom is hit by Miro Heiskanen and loses puck.
7:00 of 3rd period - K'Andre Miller is hit by Adam Boqvist and loses puck.
7:58 of 3rd period - Icing by Alexander Romanov.
7:59 of 3rd period - Aleksander Barkov wins face-off versus Alexander Radulov in Los Angeles Kings zone.
8:26 of 3rd period - Snap shot by Seth Jarvis.
8:26 of 3rd period - Shot Misses the Net.
9:59 of 3rd period - Kasperi Kapanen is hit by Seth Jarvis and loses puck.
10:14 of 3rd period - Snap shot by Cole Perfetti.
10:14 of 3rd period - Shot Misses the Net.
10:16 of 3rd period - Backhand shot by Joshua Brown.
10:16 of 3rd period - Stopped by Joonas Korpisalo without a rebound.
10:17 of 3rd period - Aleksander Barkov wins face-off versus Marco Rossi in Vancouver Canucks zone.
10:57 of 3rd period - Wrist shot by Andrei Kuzmenko.
10:57 of 3rd period - Shot Blocked by Miro Heiskanen.
11:34 of 3rd period - Minor Penalty to Cooper Marody for Hooking.
11:35 of 3rd period - Alexander Radulov wins face-off versus Aleksander Barkov in Los Angeles Kings zone.
13:34 of 3rd period - Penalty to Cooper Marody is over, Cooper Marody is back on ice.
13:34 of 3rd period - Icing by Aleksander Barkov.
13:35 of 3rd period - Casey Mittelstadt wins face-off versus Cole Perfetti in Vancouver Canucks zone.
14:21 of 3rd period - Wrist shot by Noah Cates.
14:21 of 3rd period - Shot Misses the Net.
14:51 of 3rd period - Wrist shot by Vitali Kravtsov.
14:51 of 3rd period - Stopped by Joonas Korpisalo without a rebound.
14:52 of 3rd period - Seth Jarvis wins face-off versus Aleksander Barkov in Vancouver Canucks zone.
14:57 of 3rd period - Wrist shot by Andrei Svechnikov.
14:57 of 3rd period - Stopped by Joonas Korpisalo with a rebound.
15:05 of 3rd period - Wrist shot by Clayton Keller.
15:05 of 3rd period - Shot Blocked by Andrei Kuzmenko.
15:07 of 3rd period - Wrist shot by Aleksander Barkov.
15:07 of 3rd period - Shot Blocked by Andrei Svechnikov.
15:09 of 3rd period - Wrist shot by Jake Bean.
15:09 of 3rd period - Deflect By Aleksander Barkov.
15:09 of 3rd period - Stopped by John Gibson with a rebound.
15:28 of 3rd period - Wrist shot by Andrei Svechnikov.
15:28 of 3rd period - Shot Misses the Net.
15:50 of 3rd period - Snap shot by Cole Perfetti.
15:50 of 3rd period - Shot Misses the Net.
15:58 of 3rd period - Miro Heiskanen is hit by Owen Power and loses puck.
16:23 of 3rd period - Minor Penalty to Mikko Rantanen for Holding.
16:24 of 3rd period - Aleksander Barkov wins face-off versus Alexander Radulov in Vancouver Canucks zone.
16:56 of 3rd period - Andrei Svechnikov is hit by Jesperi Kotkaniemi and loses puck.
17:35 of 3rd period - Wrist shot by Artturi Lehkonen.
17:35 of 3rd period - Shot Blocked by Seth Jarvis.
18:23 of 3rd period - Penalty to Mikko Rantanen is over, Mikko Rantanen is back on ice.
19:14 of 3rd period - Seth Jarvis is hit by Clayton Keller and loses puck.
Goals for this period are 0 for Los Angeles Kings vs 0 for Vancouver Canucks.
Shots for this period are 7 for Los Angeles Kings vs 9 for Vancouver Canucks.
Back to the Top